 Dungeon Crawl Stone Soup version 0.23.1-37-gaa34b87b72 (webtiles) character file.

Game seed: 16054098220171385694

240 Revguard the Insei (level 5, -8/42 HPs)
             Began as a Draconian Transmuter on Mar 28, 2019.
             Killed from afar by an orc wizard (11 damage)
             ... with a puff of flame
             ... on level 4 of the Dungeon.
             The game lasted 00:18:22 (2142 turns).

Revguard the Insei (Draconian Transmuter)           Turns: 2142, Time: 00:18:23

Health: -8/42      AC:  5    Str: 12    XL:     5   Next: 79%
Magic:  4/9        EV: 12    Int: 14    God:
Gold:   124        SH:  0    Dex: 12    Spells: 3/10 levels left

rFire    . . .     SeeInvis .     - Unarmed
rCold    . . .     Gourm    .   (no shield)
rNeg     . . .     Faith    .   (armour unavailable)
rPois    .         Spirit   .   (helmet restricted)
rElec    .         Reflect  .   (no cloak)
rCorr    .         Harm     .   (no gloves)
MR       .....                  (no boots)
Stlth    +.........             (no amulet)
HPRegen  0.14/turn              (no ring)
MPRegen  0.11/turn              (no ring)

@: confused
A: unfitting armour, cold-blooded, AC +5
a: no special abilities


You were on level 4 of the Dungeon.
You were hungry.

You visited 1 branch of the dungeon, and saw 4 of its levels.

You collected 124 gold pieces.

Inventory:

Hand Weapons
 g - a +0 flail
Missiles
 a - 46 arrows (quivered)
Scrolls
 b - 2 scrolls of identify
 f - a scroll of amnesia {unknown}
 h - 3 scrolls of teleportation {unknown}
 i - 2 scrolls of enchant armour {unknown}
 j - a scroll of blinking {unknown}
 k - a scroll of enchant weapon {unknown}
Potions
 m - 2 potions of cancellation
Comestibles
 c - 6 rations


   Skills:
 * Level 2.7 Fighting
 + Level 2.5 Dodging
 + Level 4.4 Unarmed Combat
 + Level 3.0 Spellcasting
 * Level 0.3 Hexes
 + Level 2.5 Transmutations
 + Level 1.1 Poison Magic


You had 3 spell levels left.
You knew the following spells:

 Your Spells              Type           Power        Failure   Level  Hunger
a - Beastly Appendage     Tmut           #.....       8%          1    #......
b - Sticks to Snakes      Tmut           #.......     11%         2    ##.....
c - Spider Form           Tmut/Pois      #.........   30%         3    ###....
d - Confusing Touch       Hex            #.....       19%         1    #......

Your spell library contained the following spells:

 Spells                   Type           Power        Failure   Level  Hunger
 Confuse                  Hex            #.......     50%         3    ###....
 Gell's Gravitas          Tloc           #.........   54%         3    ###....
 Ice Form                 Ice/Tmut       #.......     77%         4    #####..
 Petrify                  Tmut/Erth      #.......     77%         4    #####..
 Blade Hands              Tmut           #.........   90%         5    ######.
 Yara's Violent Unravell  Hex/Tmut       #.........   97%         5    ######.
 Metabolic Englaciation   Hex/Ice        #.........   99%         5    ######.


Dungeon Overview and Level Annotations

Branches:
Dungeon (4/15)
 Temple: D:4-7

Altars:
Dithmenos
Elyvilon


Innate Abilities, Weirdness & Mutations

Your plain brown scales are hard. (AC +5)
You cannot fit into any form of body armour.
You are cold-blooded and may be slowed by cold attacks.


Message History

As you read the scroll labeled ZOUPER TUNE, it crumbles to dust.
You feel blessed for a moment.
It was a scroll of remove curse.
An orc wizard appears from thin air!
Reactivating autopickup.
The orc wizard hits you with a +0 dagger.
* * * LOW HITPOINT WARNING * * *
The orc wizard gestures wildly while chanting.
The orc wizard flickers and vanishes!
Deactivating autopickup; reactivate with Ctrl-A.
You hear some strange, mumbled words.
You are confused.
You are more confused.
You're too confused to move!
You hear some strange, mumbled words.
You are more confused.
Your magical contamination has completely faded away.
You hear some strange, mumbled words.
A puff of flame appears from out of thin air!
The puff of flame hits you!
You die...

#..#######......=..#
..##.....#.))..........
#..........##()..(.....
##..#..###.##..(.......
......#.###...###..#....
#####.#.##.....#...... .
#.#.##...#..........
#......{o...........
#.....@...##........
#........## .####...
#........# # ..#
#........# #......###
#....... #.....## #.....
......


You could see an orc.

Vanquished Creatures
  A hound (D:4)
  Terence (D:2)
  Robin (D:2)
  3 gnolls (D:3)
  5 adders
  An ooze (D:3)
  5 worms
  3 dart slugs
  A leopard gecko (D:4)
  4 orcs
  A ball python (D:2)
  5 giant cockroaches
  7 hobgoblins
  4 jackals (D:3)
  2 quokkas (D:2)
  A ball python skeleton (D:4)
  3 bats (D:3)
  2 frilled lizards
  14 goblins
  4 kobolds
  A quokka skeleton (D:4)
  6 rats
75 creatures vanquished.

Vanquished Creatures (collateral kills)
  A bat (D:1)
1 creature vanquished.

Grand Total: 76 creatures vanquished

Notes
Turn   | Place    | Note
-------+----------+-------------------------------------------
     0 | D:1      | Revguard the Draconian Transmuter began the quest for the
                  | Orb.
     0 | D:1      | Reached XP level 1. HP: 16/16 MP: 3/3
   179 | D:1      | Reached XP level 2. HP: 23/23 MP: 3/5
   184 | D:1      | Learned a level 2 spell: Sticks to Snakes
   467 | D:2      | Noticed Terence
   488 | D:2      | Killed Terence
   488 | D:2      | Reached XP level 3. HP: 13/28 MP: 3/6
   848 | D:2      | Learned a level 3 spell: Spider Form
   929 | D:2      | Noticed Robin
   930 | D:2      | Reached XP level 4. HP: 34/36 MP: 2/7
   947 | D:2      | Killed Robin
  1091 | D:2      | Reached skill level 4 in Unarmed Combat
  1289 | D:2      | Found a shadowy altar of Dithmenos.
  1373 | D:3      | Reached skill level 1 in Poison Magic
  1373 | D:3      | Reached XP level 5. HP: 36/41 MP: 5/9
  1645 | D:3      | Found a white marble altar of Elyvilon.
  2082 | D:4      | Learned a level 1 spell: Confusing Touch
  2129 | D:4      | HP: 1/42 [orc wizard/+0 dagger (4)]
  2142 | D:4      | Killed from afar by an orc wizard

Skill      XL: |  1  2  3  4  5 |
---------------+----------------+-----
Dodging        | 2 |  2.5
Fighting       | 2 |  2.7
Unarmed Combat | 4 |  4.4
Poison Magic   | 1 |  1.1
Spellcasting   | 3 |  3.0
Hexes          | |  0.3
Transmutations | |  2.5

Action                   |  1- 3 |  4- 6 || total
-------------------------+-------+-------++-------
Melee: Unarmed           |    75 |   187 ||   262
       Kick              |     6 |     9 ||    15
       Tailslap          |     4 |    17 ||    21
       Headbutt          |       |     9 ||     9
       Punch             |       |     2 ||     2
 Cast: Beastly Appendage |    13 |    12 ||    25
       Sticks to Snakes  |     5 |       ||     5
       Spider Form       |     2 |     4 ||     6
       Confusing Touch   |       |     2 ||     2
  Use: Potion            |     3 |     3 ||     6
       Scroll            |       |     4 ||     4
 Stab: Distracted        |     1 |       ||     1
       Confused          |       |     2 ||     2
  Eat: Chunk             |     1 |     4 ||     5
Armor: Skin              |    19 |    46 ||    65
Dodge: Dodged            |    48 |   134 ||   182
